 Dungeon Crawl Stone Soup version 0.27-a0-1065-ge809cff456 (webtiles) character file.

Game seed: 4229174288091313440

1547 funkygono the Firebug (level 8, -1/59 HPs)
             Began as a Red Draconian Fire Elementalist on Apr 23, 2021.
             Was an Initiate of Vehumet.
             Slain by Harold
             ... wielding a +0 trident
              (14 damage)
             ... on level 7 of the Dungeon.
             The game lasted 00:13:37 (7762 turns).

funkygono the Firebug (DrFE)                        Turns: 7762, Time: 00:13:38

Health: -1/59      AC: 16    Str: 14    XL:     8   Next: 57%
Magic:  2/17       EV: 12    Int: 18    God:    Vehumet [......]
Gold:   356        SH:  0    Dex: 11    Spells: 7/20 levels left

rFire    + . .     SeeInvis .   w - +6 flail of Gluttony {vorpal, Str+3}
rCold    . . .     Faith    .   (no shield)
rNeg     . . .     Spirit   .   (armour unavailable)
rPois    +         Reflect  .   (helmet restricted)
rElec    .         Harm     .   v - +1 cloak {Stlth+}
rCorr    .         Rampage  .   i - +1 pair of gloves
Will     .....                  m - +1 pair of boots
Stlth    +++.......             (no amulet)
HPRegen  0.19/turn              r - +4 ring of protection
MPRegen  0.15/turn              q - ring of poison resistance

@: marked, very slightly contaminated, invisible
A: breathe fire, AC +6, unfitting armour, fire resistance 1, cold-blooded
a: Breathe Fire, Renounce Religion


You were on level 7 of the Dungeon.
You worshipped Vehumet.
Vehumet was noncommittal.
You visited 2 branches of the dungeon, and saw 8 of its levels.

You collected 356 gold pieces.

Inventory:

Hand Weapons
 a - a +3 vorpal whip
 u - a +4 quarterstaff of chaos
 w - the +6 flail of Gluttony (weapon) {vorpal, Str+3}
   (You found it on level 6 of the Dungeon)

   It inflicts extra damage upon your enemies.
   It affects your strength (+3).
Missiles
 b - 127 stones
Armour
 i - a +1 pair of gloves (worn)
 m - a +1 pair of boots (worn)
 v - a +1 cloak of stealth (worn)
Jewellery
 l - a ring of resist corrosion
 q - a ring of poison resistance (right hand)
 r - a +4 ring of protection (left hand)
Wands
 n - a wand of paralysis (4)
 z - a wand of acid (5)
 A - a wand of iceblast (23)
Scrolls
 d - a scroll of blinking
 k - 2 scrolls of holy word
 s - 4 scrolls of teleportation
Potions
 c - 2 potions of curing
 e - a potion of flight
 g - a potion of haste {unknown}
 h - a potion of mutation {unknown}
 j - 4 potions of heal wounds
 p - a potion of might {unknown}
 t - a potion of brilliance {unknown}
 x - a potion of attraction {unknown}


   Skills:
 + Level 1.0 Fighting
 + Level 1.2 Maces & Flails
 + Level 2.1 Dodging
 - Level 1.7 Stealth
 * Level 6.6 Spellcasting
 * Level 5.6 Conjurations
 * Level 7.6 Fire Magic


You had 7 spell levels left.
You knew the following spells:

 Your Spells              Type           Power      Damage    Failure   Level
a - Foxfire               Conj/Fire      100%       2x1d9     1%          1
b - Conjure Flame         Conj/Fire      29%        6-21      2%          3
c - Sticky Flame          Conj/Fire      29%        2d5       8%          4
d - Fireball              Conj/Fire      14%        3d8       21%         5

Your spell library contained the following spells:

 Spells                   Type           Power      Damage    Failure   Level
 Inner Flame              Hex/Fire       19%        N/A       7%          3


Dungeon Overview and Level Annotations

Branches:
Dungeon (7/15)             Temple (1/1) D:5

Altars:
Cheibriados
Dithmenos
Elyvilon
Fedhas
Gozag
Hepliaklqana
Kikubaaqudgha
Makhleb
Nemelex Xobeh
Okawaru
Qazlal
Trog
Uskayaw
Vehumet
Wu Jian
Xom
Yredelemnul
Zin
The Shining One
Lugonu

Shops:
D:1 (   D:5 ?

Annotations:
D:7 Harold


Innate Abilities, Weirdness & Mutations

You can breathe blasts of fire.
Your fiery red scales are hard. (AC +6)
You cannot fit into any form of body armour.
Your flesh is heat resistant. (rF+)
You are cold-blooded and may be slowed by cold attacks.


Message History

The foxfire hits Harold but does no damage.
Harold is moderately wounded.
The foxfire hits Harold.
Harold is moderately wounded.
The foxfire hits Harold!
Harold is moderately wounded.
The foxfire hits Harold but does no damage.
Harold is moderately wounded.
Harold says, "My wife will appreciate not having to wash blood out of my clothes anymore."
Harold closely misses you.
You sock Harold!
Harold is heavily wounded.
Harold hits you with a +0 trident! x2
You thump Harold!
Harold is severely wounded.
Harold hits you with a +0 trident!
You barely miss Harold.
Harold is severely wounded.
Harold closely misses you.
You hit Harold.
Harold is severely wounded.
Harold casts a spell at you. A sentinel's mark forms upon you.
Harold thinks, and says "Perhaps I'll take up model-building after I'm done here..."
Harold hits you with a +0 trident!
* * * LOW HITPOINT WARNING * * *
You fade into invisibility!
Harold hits you with a +0 trident.
* * * LOW HITPOINT WARNING * * *
You are very lightly contaminated with residual magic.
You hit Harold but do no damage. You tail-slap Harold, but do no damage.
Harold is severely wounded.
Harold says, "Do you have any idea what people are willing to pay to have you killed, funkygono?"
Harold casts a spell at you. The mark upon you grows brighter.
You strike the helpless Harold from behind!
You hit Harold.
Harold is severely wounded.
Harold hits you with a +0 trident!
You die...

.# .. )# #.. ..
#.##).. ... .......
..... .......
......#####)......
..................
..........@)# .#
...........@.# ..
...........#.##.#
#................#
#................#
#................##
##...........#.......
......................
....................#.
....................#


You could see Harold.

Vanquished Creatures
  A water moccasin (D:6)
  An orc warrior (D:7)
  A necrophage (D:6)
  An ogre (D:4)
  A centaur (D:7)
  A bullfrog (D:6)
  A gnoll sergeant (D:5)
  2 scorpions
  A wyvern skeleton (D:5)
  A water moccasin skeleton (D:6)
  A howler monkey (D:4)
  A jelly (D:6)
  A hound (D:5)
  3 orc priests (D:2)
  Crazy Yiuf (D:4)
  A centaur skeleton (D:6)
  3 bullfrog skeletons
  7 orc wizards
  2 hound skeletons (D:4)
  9 gnolls
  4 adders
  A white imp (D:6)
  An ufetubus (D:5)
  An adder skeleton (D:4)
  3 worms
  A dart slug (D:1)
  7 orcs
  10 ball pythons
  6 endoplasms
  4 giant cockroaches
  4 goblins
  7 hobgoblins
  11 jackals
  4 quokkas
  3 bats (D:3)
  2 frilled lizards (D:1)
  3 kobolds
  4 rats
116 creatures vanquished.

Vanquished Creatures (collateral kills)
  3 foxfires (D:1)
3 creatures vanquished.

Vanquished Creatures (others)
  496 foxfires
  2 plants (D:1)
498 creatures vanquished.

Grand Total: 617 creatures vanquished

Notes
Turn   | Place    | Note
-------+----------+-------------------------------------------
     0 | D:1      | funkygono the Draconian Fire Elementalist began the quest
                  | for the Orb.
     0 | D:1      | Reached XP level 1. HP: 14/14 MP: 3/3
   237 | D:1      | Found a faded altar of an unknown god.
   473 | D:1      | Reached XP level 2. HP: 20/20 MP: 0/5
   749 | D:1      | You fall into a shaft and drop 1 floor!
   947 | D:1      | Reached XP level 3. HP: 20/26 MP: 0/6
  1297 | D:1      | Found Lit Aste's Weapon Boutique.
  1539 | D:1      | Learned a level 3 spell: Conjure Flame
  2253 | D:2      | Found a glowing golden altar of the Shining One.
  2297 | D:2      | Reached XP level 4. HP: 34/34 MP: 2/8
  2356 | D:2      | Reached skill level 4 in Fire Magic
  2360 | D:2      | Reached XP level 5. HP: 14/39 MP: 3/9
  2559 | D:2      | Learned a level 4 spell: Sticky Flame
  3116 | D:3      | Found a white marble altar of Elyvilon.
  3123 | D:3      | Found a basalt altar of Yredelemnul.
  3124 | D:3      | Found a hide-covered altar of Uskayaw.
  3124 | D:3      | Found an ancient bone altar of Kikubaaqudgha.
  3126 | D:3      | Found a sparkling altar of Nemelex Xobeh.
  3129 | D:3      | Found a blossoming altar of Fedhas.
  3437 | D:3      | Found a hazy altar of Hepliaklqana.
  3748 | D:4      | Found a shadowy altar of Dithmenos.
  3897 | D:4      | Reached XP level 6. HP: 46/46 MP: 1/11
  4229 | D:4      | Your scales start taking on a fiery red colour.
  4229 | D:4      | Reached skill level 5 in Fire Magic
  4229 | D:4      | Reached XP level 7. HP: 51/51 MP: 10/14
  4229 | D:4      | Gained mutation: Your flesh is heat resistant. (rF+) [Red
                  | Draconian growth]
  4235 | D:4      | Learned a level 5 spell: Fireball
  4365 | D:4      | Found a runed translucent door.
  4366 | D:4      | Noticed Crazy Yiuf
  4379 | D:4      | Killed Crazy Yiuf
  4775 | D:5      | Entered Level 5 of the Dungeon
  4907 | D:5      | Found a burning altar of Makhleb.
  5008 | D:5      | Reached skill level 6 in Fire Magic
  5077 | D:5      | Found Guny's Magic Scroll Shop.
  5224 | D:5      | Found a staircase to the Ecumenical Temple.
  5260 | Temple   | Entered the Ecumenical Temple
  5527 | D:5      | Reached skill level 5 in Spellcasting
  6091 | D:6      | Identified the +6 flail of Gluttony {vorpal, Str+3}
  6118 | D:6      | Reached skill level 1 in Maces & Flails
  6238 | D:6      | Reached XP level 8. HP: 57/58 MP: 8/16
  6569 | D:6      | Reached skill level 7 in Fire Magic
  6786 | D:6      | Reached skill level 1 in Fighting
  6786 | D:6      | Reached skill level 5 in Conjurations
  6813 | D:6      | Found an ornate altar of the Wu Jian Council.
  6813 | D:6      | Found a radiant altar of Vehumet.
  6820 | D:6      | Became a worshipper of Vehumet
  7743 | D:7      | Noticed Harold
  7762 | D:7      | Slain by Harold

Illustrated notes

Levels and vault maps discovered:
D:1:      psy_arrival_conway, layout_basic, serial_shops, shop,
          ebering_ecumenical_altar_petrified, minmay_hexomino_c4
D:2:      layout_loops_corners, basic_altar, kennysheep_another_room,
          roderic_serpentine_path, ebering_dispersal_statue_hall
D:3:      layout_rooms, nzn_hepliaklqana_mist_gate, minitemple,
          corexii_leaking_fountain
D:4:      layout_basic, lemuel_doored_altar, uniq_crazy_yiuf_cottage
D:5:      layout_loops_ring, kennysheep_mini_moat, minmay_temple_entry_glass,
          serial_shops, kennysheep_little_box
D:6:      layout_layer_cave, gammafunk_temple_overflow_wave,
          chequers_mini_garden
D:7:      layout_basic, uniq_harold
Temple:   corrupted_temple

Skill      XL: |  1  2  3  4  5  6  7  8 |
---------------+-------------------------+-----
Dodging        | 2 |  2.1
Conjurations   | 2 3 4 5 |  5.6
Spellcasting   | 3 4 5 6 |  6.6
Fire Magic     | 4 5 6 7 |  7.6
Maces & Flails | 1 |  1.2
Fighting       | 1 |  1.0
Stealth        | |  1.7

Action                   |  1- 3 |  4- 6 |  7- 9 || total
-------------------------+-------+-------+-------++-------
Melee: Unarmed           |     7 |       |       ||     7
       Whip              |    13 |    22 |     6 ||    41
       Flail             |       |       |    15 ||    15
       Tailslap          |       |       |     2 ||     2
 Cast: Foxfire           |    62 |    91 |   137 ||   290
       Conjure Flame     |       |     1 |     2 ||     3
       Sticky Flame      |       |       |     1 ||     1
  Use: Scroll            |     3 |     5 |     8 ||    16
       Potion            |       |       |     1 ||     1
 Stab: Invisible         |       |       |     1 ||     1
Armor: Skin              |    16 |     7 |    15 ||    38
Dodge: Dodged            |    35 |    15 |    34 ||    84

Table legend: (Time is in decaauts)
 A = Elapsed time spent in this place.
 B = Non-inter-level travel time spent in this place.
 C = Inter-level travel time spent in this place.
 D = Time resting spent in this place.
 E = Time spent auto-exploring this place.
 F = Levels seen in this place.
 G = Mean time per level.
                   A        B        C        D        E       F      G
               +--------+--------+--------+--------+--------+-----+--------+
         Total |   7782 |   7572 |    210 |      0 |   6451 |   8 |  972.8 |
       Dungeon |   7715 |   7534 |    181 |      0 |   6424 |   7 | 1102.1 |
        Temple |     66 |     38 |     28 |      0 |     27 |   1 |   66.0 |
               +--------+--------+--------+--------+--------+-----+--------+

Top non-repeatable levels by time:
     D:6: 1578 daAuts
     D:1: 1461 daAuts
     D:2: 1453 daAuts
     D:5: 1189 daAuts
     D:4: 1049 daAuts
     D:3: 826 daAuts
     D:7: 158 daAuts
  Temple: 66 daAuts
